TL
ROUND ROCK EXPRESS @ EL PASO SUN KINGS
06/23/1982
 
TOP OF THE 1ST
Round Rock Express batting - Pitching for El Paso Sun Kings : RHP Charlie Puleo
Pitching: RHP Charlie Puleo
Batting: LHB Steve Lyons 0-0: Swinging Strike
0-1: Swinging Strike
0-2: Ball
1-2: Strikes out looking
Batting: LHB Luis Armijo 0-0: Ball
1-0: Ball
2-0: Ground out 4-3 (Groundball, 4, EV 103.1 MPH)
Batting: RHB Alejandro Sanchez 0-0: Swinging Strike
0-1: Ball
1-1: Foul Ball, location: 2F
1-2: Foul Ball, location: 2F
1-2: Strikes out swinging
Top of the 1st over - 0 runs, 0 hits, 0 errors, 0 left on base; Round Rock 0 - El Paso 0
BOTTOM OF THE 1ST
El Paso Sun Kings batting - Pitching for Round Rock Express : RHP Jesus Laguna
Pitching: RHP Jesus Laguna
Batting: LHB Stanley Hendrickson 0-0: DOUBLE (Groundball, 3L, EV 99.4 MPH)
Batting: RHB Dionisio DeJesus 0-0: Ball
1-0: Ball
2-0: Ball
3-0: Called Strike
3-1: Foul Ball, location: 2F
3-2: Base on Balls
Batting: LHB Scott Bradley 0-0: Called Strike
0-1: Fly out, F7 (Line Drive, 7, EV 98.1 MPH)
Batting: RHB Chuckie Canady 0-0: Foul Ball, location: 2F
0-1: Ball
1-1: Swinging Strike
1-2: Ball
2-2: Strikes out swinging
Batting: LHB Franklin Lopez 0-0: Ball
1-0: Ball
2-0: Called Strike
2-1: Swinging Strike
2-2: Ball
3-2: Base on Balls
Stanley Hendrickson to third
Dionisio DeJesus to second
Batting: SHB Danny Torres 0-0: Ball
1-0: Ball
2-0: Ball
3-0: Base on Balls
Stanley Hendrickson scores
Dionisio DeJesus to third
Franklin Lopez to second
Batting: RHB Mike Anicich 0-0: Called Strike
0-1: Ball
1-1: Ball
2-1: Ball
3-1: Base on Balls
Dionisio DeJesus scores
Franklin Lopez to third
Danny Torres to second
Batting: SHB Keith Thrower 0-0: Ball
1-0: Ball
2-0: Ball
3-0: Called Strike
3-1: Swinging Strike
3-2: Base on Balls
Franklin Lopez scores
Danny Torres to third
Mike Anicich to second
Batting: RHB Lance Ediger 0-0: Called Strike
0-1: SINGLE (Line Drive, 78M, EV 105.0 MPH)
Danny Torres scores
Mike Anicich to third
Keith Thrower to second
Runner from 3rd tries for Home, throw by CF and OUT! 8-2
Bottom of the 1st over - 4 runs, 2 hits, 0 errors, 2 left on base; Round Rock 0 - El Paso 4
TOP OF THE 2ND
Round Rock Express batting - Pitching for El Paso Sun Kings : RHP Charlie Puleo
Batting: LHB Al Chambers 0-0: Ball
1-0: Called Strike
1-1: Foul Ball, location: 2F
1-2: Strikes out swinging
Batting: RHB Martyn Maxwell 0-0: Ball
1-0: Fly out, F9 (Flyball, 9LM, EV 89.4 MPH)
Batting: LHB James Jennings 0-0: Foul Ball, location: 2F
0-1: Ball
1-1: Swinging Strike
1-2: Foul Ball, location: 2F
1-2: Ball
2-2: Ball
3-2: Fly out, F9 (Flyball, 9LM, EV 76.9 MPH)
Top of the 2nd over - 0 runs, 0 hits, 0 errors, 0 left on base; Round Rock 0 - El Paso 4
BOTTOM OF THE 2ND
El Paso Sun Kings batting - Pitching for Round Rock Express : RHP Jesus Laguna
Batting: LHB Stanley Hendrickson 0-0: Swinging Strike
0-1: Ball
1-1: Ball
2-1: Swinging Strike
2-2: Ball
3-2: Ground out 4-3 (Groundball, 4, EV 106.3 MPH)
Batting: RHB Dionisio DeJesus 0-0: Ball
1-0: Foul Ball, location: 2F
1-1: Called Strike
1-2: Fly out, F8 (Flyball, 78S, EV 80.6 MPH)
Batting: LHB Scott Bradley 0-0: Called Strike
0-1: Ball
1-1: Fly out, F7 (Flyball, 7, EV 93.8 MPH)
Bottom of the 2nd over - 0 runs, 0 hits, 0 errors, 0 left on base; Round Rock 0 - El Paso 4
TOP OF THE 3RD
Round Rock Express batting - Pitching for El Paso Sun Kings : RHP Charlie Puleo
Batting: RHB Mike Sodders 0-0: Swinging Strike
0-1: Swinging Strike
0-2: Foul Ball, location: 2F
0-2: SINGLE (Flyball, 34D, EV 90.6 MPH)
Batting: RHB George Gross 0-0: Called Strike
0-1: Ball
1-1: Ball
2-1: Fly out, F8 (Line Drive, 8RM, EV 98.8 MPH)
Batting: LHB William Sobbe 0-0: Ball
1-0: Ball
2-0: Ball
3-0: Called Strike
3-1: Base on Balls
Mike Sodders to second
Batting: LHB Steve Lyons 0-0: Foul Ball, location: 2F
0-1: Called Strike
0-2: DOUBLE (Flyball, 78XD, EV 108.8 MPH)
Mike Sodders scores
William Sobbe to third
Batting: LHB Luis Armijo 0-0: Ball
1-0: Swinging Strike
1-1: Foul Ball, location: 2F
1-2: Foul Ball, location: 2F
1-2: DOUBLE (Line Drive, 9LM, EV 108.1 MPH)
William Sobbe scores
Steve Lyons scores
Batting: RHB Alejandro Sanchez 0-0: Fly out, F3 (Flyball, 34D, EV 79.4 MPH)
Batting: LHB Al Chambers 0-0: Called Strike
0-1: Ball
1-1: Ball
2-1: Ball
3-1: Base on Balls
Batting: RHB Martyn Maxwell 0-0: Ball
1-0: Fly out, F7 (Flyball, 7, EV 98.1 MPH)
Top of the 3rd over - 3 runs, 3 hits, 0 errors, 2 left on base; Round Rock 3 - El Paso 4
BOTTOM OF THE 3RD
El Paso Sun Kings batting - Pitching for Round Rock Express : RHP Jesus Laguna
Batting: RHB Chuckie Canady 0-0: Called Strike
0-1: Ball
1-1: Fly out, F3 (Popup, 23F, EV 86.3 MPH)
Batting: LHB Franklin Lopez 0-0: Ball
1-0: Ground out 3-1 (Groundball, 34, EV 85.6 MPH)
Batting: SHB Danny Torres 0-0: Ground out 6-3 (Groundball, 6, EV 93.8 MPH)
Bottom of the 3rd over - 0 runs, 0 hits, 0 errors, 0 left on base; Round Rock 3 - El Paso 4
TOP OF THE 4TH
Round Rock Express batting - Pitching for El Paso Sun Kings : RHP Charlie Puleo
Batting: LHB James Jennings 0-0: Foul Ball, location: 2F
0-1: Ball
1-1: Ball
2-1: Ball
3-1: Base on Balls
Batting: RHB Mike Sodders 0-0: Ball
1-0: Foul Ball, location: 2F
1-1: Ball
2-1: Ball
3-1: Base on Balls
James Jennings to second
Batting: RHB George Gross 0-0: Ball
1-0: Fly out, F8 (Line Drive, 8RD, EV 93.8 MPH)
Batting: LHB William Sobbe 0-0: Ball
1-0: Ball
2-0: Ball
3-0: Base on Balls
James Jennings to third
Mike Sodders to second
Batting: LHB Steve Lyons 0-0: Foul Ball, location: 2F
0-1: Ball
1-1: Fielders Choice at 2nd, 4-6 (Groundball, 4, EV 105.6 MPH)
James Jennings scores
Mike Sodders to third
Batting: LHB Luis Armijo 0-0: Called Strike
0-1: Fielders Choice at 2nd, U4 (Groundball, 4M, EV 86.3 MPH)
Top of the 4th over - 1 run, 0 hits, 0 errors, 2 left on base; Round Rock 4 - El Paso 4
BOTTOM OF THE 4TH
El Paso Sun Kings batting - Pitching for Round Rock Express : RHP Jesus Laguna
Batting: RHB Mike Anicich 0-0: Ground out 4-3 (Groundball, 4S, EV 81.9 MPH)
Batting: SHB Keith Thrower 0-0: Foul Ball, location: 2F
0-1: Ball
1-1: Called Strike
1-2: SINGLE (Line Drive, 5D, EV 106.9 MPH)
Batting: RHB Lance Ediger 0-0: Ball
1-0: Ball
2-0: Foul Ball, location: 2F
2-1: Called Strike
2-2: Ball
3-2: Strikes out swinging
Batting: LHB Stanley Hendrickson 0-0: Ball
1-0: Called Strike
1-1: DOUBLE (Flyball, 89XD, EV 100.0 MPH)
Keith Thrower to third
Runner from 3rd tries for Home, SAFE, throw by RF to trailing runner, SAFE at third!
Batting: RHB Dionisio DeJesus 0-0: Called Strike
0-1: Ball
1-1: Swinging Strike
1-2: Strikes out swinging
Bottom of the 4th over - 1 run, 2 hits, 0 errors, 1 left on base; Round Rock 4 - El Paso 5
TOP OF THE 5TH
Round Rock Express batting - Pitching for El Paso Sun Kings : RHP Charlie Puleo
Batting: RHB Alejandro Sanchez 0-0: Fly out, F9 (Flyball, 9D, EV 82.5 MPH)
Batting: LHB Al Chambers 0-0: Called Strike
0-1: Ball
1-1: Swinging Strike
1-2: Ball
2-2: Foul Ball, location: 2F
2-2: Foul Ball, location: 2F
2-2: Ground out 6-3 (Groundball, 6, EV 87.5 MPH)
Batting: RHB Martyn Maxwell 0-0: Swinging Strike
0-1: Ball
1-1: Called Strike
1-2: Fly out, F9 (Flyball, 9LM, EV 86.9 MPH)
Top of the 5th over - 0 runs, 0 hits, 0 errors, 0 left on base; Round Rock 4 - El Paso 5
BOTTOM OF THE 5TH
El Paso Sun Kings batting - Pitching for Round Rock Express : RHP Jesus Laguna
Batting: LHB Scott Bradley 0-0: Called Strike
0-1: Ball
1-1: Foul Ball, location: 2F
1-2: Ball
2-2: Foul Ball, location: 2F
2-2: SINGLE (Groundball, 3D, EV 98.1 MPH)
Batting: RHB Chuckie Canady 0-0: Ball
1-0: Called Strike
1-1: Called Strike
1-2: Foul Ball, location: 2F
1-2: Ball
2-2: Ball
3-2: SINGLE (Flyball, 89S, EV 93.8 MPH)
Scott Bradley to second
Runner from 2nd tries for 3rd, SAFE, throw by CF made to third
Batting: LHB Franklin Lopez 0-0: Ball
1-0: Called Strike
1-1: Ball
2-1: Ball
3-1: Grounds into double play, 6-4-3 (Groundball, 6, EV 104.4 MPH)
Scott Bradley scores
Batting: SHB Danny Torres 0-0: Ground out U3 (Groundball, 3, EV 108.1 MPH)
Bottom of the 5th over - 1 run, 2 hits, 0 errors, 0 left on base; Round Rock 4 - El Paso 6
TOP OF THE 6TH
Round Rock Express batting - Pitching for El Paso Sun Kings : RHP Charlie Puleo
Batting: LHB James Jennings 0-0: Ball
1-0: Ball
2-0: Ball
3-0: Foul Ball, location: 2F
3-1: Swinging Strike
3-2: Strikes out swinging
Batting: RHB Mike Sodders 0-0: Ball
1-0: Ball
2-0: Called Strike
2-1: Swinging Strike
2-2: Ball
3-2: Ground out 6-3 (Groundball, 6, EV 83.8 MPH)
Batting: RHB George Gross 0-0: Ball
1-0: Ball
2-0: Called Strike
2-1: Swinging Strike
2-2: Fly out, F3 (Flyball, 3D, EV 93.1 MPH)
Top of the 6th over - 0 runs, 0 hits, 0 errors, 0 left on base; Round Rock 4 - El Paso 6
BOTTOM OF THE 6TH
El Paso Sun Kings batting - Pitching for Round Rock Express : RHP Jesus Laguna
Pitching: RHP Bret Cleland
Batting: RHB Mike Anicich 0-0: Ball
1-0: Ball
2-0: Called Strike
2-1: Foul Ball, location: 2F
2-2: Ball
3-2: Ground out 4-3 (Groundball, 34, EV 105.6 MPH)
Batting: SHB Keith Thrower 0-0: Called Strike
0-1: Ground out 2-3 (Groundball, 2L, EV 66.9 MPH)
Batting: RHB Lance Ediger 0-0: Ball
1-0: Foul Ball, location: 2F
1-1: Ball
2-1: Fly out, F8 (Flyball, 8RD, EV 96.3 MPH)
Bottom of the 6th over - 0 runs, 0 hits, 0 errors, 0 left on base; Round Rock 4 - El Paso 6
TOP OF THE 7TH
Round Rock Express batting - Pitching for El Paso Sun Kings : RHP Charlie Puleo
Batting: LHB William Sobbe 0-0: Called Strike
0-1: Foul Ball, location: 2F
0-2: SINGLE (Groundball, 4D, EV 95.0 MPH)
Batting: LHB Steve Lyons 0-0: Called Strike
0-1: Swinging Strike
0-2: Ball
1-2: Foul Ball, location: 2F
1-2: Fly out, F7 (Line Drive, 7, EV 95.0 MPH)
Batting: LHB Luis Armijo 0-0: Hit by Pitch
William Sobbe to second
Batting: RHB Alejandro Sanchez 0-0: Called Strike
0-1: Swinging Strike
0-2: Strikes out swinging
Batting: LHB Al Chambers 0-0: Called Strike
0-1: Called Strike
0-2: Strikes out looking
Top of the 7th over - 0 runs, 1 hit, 0 errors, 2 left on base; Round Rock 4 - El Paso 6
BOTTOM OF THE 7TH
El Paso Sun Kings batting - Pitching for Round Rock Express : RHP Bret Cleland
Batting: LHB Stanley Hendrickson 0-0: Ball
1-0: Foul Ball, location: 2F
1-1: Swinging Strike
1-2: Foul Ball, location: 2F
1-2: Ball
2-2: Ball
3-2: Base on Balls
Batting: RHB Dionisio DeJesus 0-0: Bunt missed!
0-1: Ball
1-1: Ball
2-1: Ball
Stanley Hendrickson steals 2nd base (no throw)
3-1: Sac Bunt to 13 - play at first, batter OUT! 1-4
Stanley Hendrickson to third
Batting: LHB Scott Bradley 0-0: Called Strike
0-1: Fly out, F5 (Popup, 5, EV 66.3 MPH)
Batting: RHB Chuckie Canady 0-0: Ball
1-0: Foul Ball, location: 2F
1-1: Fly out, F8 (Flyball, 8RD, EV 93.1 MPH)
Bottom of the 7th over - 0 runs, 0 hits, 0 errors, 1 left on base; Round Rock 4 - El Paso 6
TOP OF THE 8TH
Round Rock Express batting - Pitching for El Paso Sun Kings : RHP Charlie Puleo
Batting: RHB Martyn Maxwell 0-0: Called Strike
0-1: Ball
1-1: Ball
2-1: Fly out, F8 (Flyball, 8LD, EV 86.3 MPH)
Batting: LHB James Jennings 0-0: Ball
1-0: Called Strike
1-1: Fly out, F8 (Flyball, 8RS, EV 86.3 MPH)
Batting: RHB Mike Sodders 0-0: Ball
1-0: Called Strike
1-1: Ball
2-1: Foul Ball, location: 2F
2-2: Strikes out looking
Top of the 8th over - 0 runs, 0 hits, 0 errors, 0 left on base; Round Rock 4 - El Paso 6
BOTTOM OF THE 8TH
El Paso Sun Kings batting - Pitching for Round Rock Express : RHP Bret Cleland
Batting: LHB Franklin Lopez 0-0: Fly out, F7 (Line Drive, 7, EV 96.3 MPH)
Batting: SHB Danny Torres 0-0: Ball
1-0: Foul Ball, location: 2F
1-1: Ball
2-1: Foul Ball, location: 2F
2-2: Strikes out swinging
Batting: RHB Mike Anicich 0-0: Ball
1-0: Called Strike
1-1: Foul Ball, location: 2F
1-2: Ball
2-2: Fly out, F3 (Popup, 3S, EV 69.4 MPH)
Bottom of the 8th over - 0 runs, 0 hits, 0 errors, 0 left on base; Round Rock 4 - El Paso 6
TOP OF THE 9TH
Round Rock Express batting - Pitching for El Paso Sun Kings : RHP Charlie Puleo
Pitching: RHP Kevin Keene
Batting: RHB George Gross 0-0: Ball
1-0: Ball
2-0: Called Strike
2-1: Ball
3-1: Foul Ball, location: 2F
3-2: Base on Balls
Batting: LHB William Sobbe 0-0: Ball
1-0: Ball
2-0: Called Strike
2-1: Grounds into double play, U6-3 (Groundball, 4M, EV 79.4 MPH)
Batting: LHB Steve Lyons 0-0: Reached on error, E7 (Flyball, 7, EV 87.5 MPH)
Batting: LHB Luis Armijo 0-0: Foul Ball, location: 2F
0-1: Called Strike
0-2: Ball
1-2: Strikes out looking
Top of the 9th over - 0 runs, 0 hits, 1 error, 1 left on base; Round Rock 4 - El Paso 6
Monday, August 10th, 2020 - OOTP Baseball 21.5 Build 76